 Dungeon Crawl Stone Soup version 0.27-a0-1456-gf5a116941d (webtiles) character file.

Game seed: 16124041031223647815

77 pokeman the Magician (level 4, -2/25 HPs)
             Began as a Deep Elf Hedge Wizard on July 7, 2021.
             Slain by an orc (4 damage)
             ... on level 3 of the Dungeon.
             The game lasted 00:05:16 (3049 turns).

pokeman the Magician (Deep Elf Hedge Wizard)        Turns: 3049, Time: 00:05:16

Health: -2/25      AC:  5    Str:  7    XL:     4   Next: 14%
Magic:  0/13       EV: 12    Int: 20    God:
Gold:   56         SH:  0    Dex: 14    Spells: 3/14 levels left

rFire    . . .     SeeInvis .   o - staff of poison
rCold    . . .     Faith    .   (no shield)
rNeg     . . .     Spirit   .   j - +0 leather armour
rPois    +         Reflect  .   c - +0 hat
rElec    .         Harm     .   r - +0 cloak {rCorr}
rCorr    +         Rampage  .   p - +0 pair of gloves
Will     .....                  (no boots)
Stlth    ++........             (no amulet)
HPRegen  0.08/turn              (no ring)
MPRegen  0.13/turn              (no ring)

@: very slightly contaminated
A: no striking features
a: no special abilities


You were on level 3 of the Dungeon.
You visited 1 branch of the dungeon, and saw 3 of its levels.

You collected 56 gold pieces.

Inventory:

Hand Weapons
 q - a +2 quarterstaff of chaos
Missiles
 b - 15 bolts
 h - 39 arrows
Armour
 c - a +0 hat (worn)
 j - a +0 leather armour (worn)
 p - a +0 pair of gloves (worn)
 r - a +0 cloak of preservation (worn)
Magical Staves
 o - a staff of poison (weapon)
Jewellery
 m - an amulet of guardian spirit
Scrolls
 a - 2 scrolls of blinking {unknown}
 g - a scroll of holy word {unknown}
 i - a scroll of noise {unknown}
 k - a scroll of identify {unknown}
Potions
 d - a potion of curing {unknown}
 e - a potion of ambrosia {unknown}
 f - a potion of degeneration {unknown}
 l - 2 potions of berserk rage {unknown}
 n - 2 potions of resistance


   Skills:
 - Level 1.0 Fighting
 - Level 1.1 Armour
 + Level 2.6 Dodging
 - Level 2.4 Stealth
 * Level 5.5 Spellcasting
 + Level 2.1 Conjurations
 - Level 1.1 Summonings
 - Level 1.1 Translocations
 + Level 0.0 Fire Magic


You had 3 spell levels left.
You knew the following spells:

 Your Spells              Type           Power      Damage    Failure   Level
a - Magic Dart            Conj           56%        1d5       7%          1
b - Mephitic Cloud        Conj/Pois/Air  12%        N/A       34%         3
c - Call Imp              Summ           9%         N/A       16%         2
d - Blink                 Tloc           N/A        N/A       16%         2
e - Conjure Flame         Conj/Fire      9%         6-21      30%         3

Your spell library contained the following spells:

 Spells                   Type           Power      Damage    Failure   Level
 Slow                     Hex            5%         N/A       24%         2
 Dispersal                Tloc           4%         N/A       100%        6
 Disjunction              Tloc           4%         N/A       100%        8


Dungeon Overview and Level Annotations

Branches:
Dungeon (3/15)

Altars:
Cheibriados

Annotations:
D:3 Natasha


Message History

Casting: Magic Dart (safe; 7% risk of failure)
Confirm with . or Enter, or press ? or * to list all spells.
Aiming: Magic Dart (safe; 7% risk of failure)
Press: ? - help, Shift-Dir - straight line, f/p - Natasha
Aim: Natasha, carrying a wand of flame (20) (severely wounded, confused, 100% to hit)
You miscast Magic Dart.
You are very lightly contaminated with residual magic.
Nothing appears to happen.
The orc barely misses you.
Casting: Magic Dart (safe; 7% risk of failure)
Confirm with . or Enter, or press ? or * to list all spells.
Aiming: Magic Dart (safe; 7% risk of failure)
Press: ? - help, Shift-Dir - straight line, f/p - Natasha
Aim: Natasha, carrying a wand of flame (20) (severely wounded, confused, 100% to hit)
The magic dart hits Natasha.
Natasha is almost dead.
The orc hits you with a +0 flail.
Casting: Magic Dart (safe; 7% risk of failure)
Confirm with . or Enter, or press ? or * to list all spells.
Aiming: Magic Dart (safe; 7% risk of failure)
Press: ? - help, Shift-Dir - straight line, f/p - Natasha
Aim: Natasha, carrying a wand of flame (20) (almost dead, confused, 100% to hit)
The magic dart hits Natasha.
Natasha is almost dead.
Natasha seems less confused.
The orc hits you with a +0 flail.
* * * LOW HITPOINT WARNING * * *
Natasha zaps a wand.
The puff of flame hits you.
* * * LOW HITPOINT WARNING * * *
Casting: Magic Dart (safe; 7% risk of failure)
Confirm with . or Enter, or press ? or * to list all spells.
Aiming: Magic Dart (safe; 7% risk of failure)
Press: ? - help, Shift-Dir - straight line, f/p - Natasha
Aim: Natasha, carrying a wand of flame (19) (almost dead, 100% to hit)
The magic dart hits Natasha but does no damage.
Natasha is almost dead.
The orc hits you but does no damage. Natasha barely misses you.
Unknown command.
You closely miss Natasha.
Natasha is almost dead.
The orc hits you with a +0 flail.
You die...

#.. ..# #.# #... #.#
#.# #...
#.#######.## ...#
#.#.§h.....# #..
#.#.#####.##
###.#.)##.#.#####<##
......>............#
######.##.#.###h#.##
#. #.#.# #@#.# #.
#.#.# #o#.#
###.##.#.# #.#.#
.........###.#.# #.
#...o...#.# #.
#.#######.# #.# #.#
#o# #.# #.# #o#


You could see Natasha and an orc (resistant).

Vanquished Creatures
  Crazy Yiuf (D:2)
  An adder (D:2)
  A worm (D:2)
  4 ball pythons
  4 bats (D:1)
  3 endoplasms (D:1)
  2 giant cockroaches
  2 goblins
  2 hobgoblins (D:2)
  2 kobolds (D:1)
  4 quokkas
  4 frilled lizards (D:1)
  5 rats
35 creatures vanquished.

Vanquished Creatures (others)
  A fungus (D:2)
1 creature vanquished.

Grand Total: 36 creatures vanquished

Notes
Turn   | Place    | Note
-------+----------+-------------------------------------------
     0 | D:1      | pokeman the Deep Elf Hedge Wizard began the quest for the
                  | Orb.
     0 | D:1      | Reached XP level 1. HP: 10/10 MP: 7/7
   275 | D:1      | Reached XP level 2. HP: 15/15 MP: 7/9
  1026 | D:1      | Reached skill level 5 in Spellcasting
  1578 | D:2      | Reached XP level 3. HP: 20/20 MP: 7/11
  1582 | D:2      | Learned a level 3 spell: Mephitic Cloud
  1585 | D:2      | Learned a level 2 spell: Call Imp
  1588 | D:2      | Learned a level 2 spell: Blink
  1592 | D:2      | Learned a level 3 spell: Conjure Flame
  1801 | D:2      | Noticed an eye of devastation
  1804 | D:2      | Found a faded altar of an unknown god.
  1806 | D:2      | Noticed a great orb of eyes
  1806 | D:2      | Noticed a golden eye
  1806 | D:2      | Noticed a golden eye
  2196 | D:2      | Found a snail-covered altar of Cheibriados.
  2204 | D:2      | Reached skill level 1 in Fighting
  2438 | D:2      | Found a runed translucent door.
  2439 | D:2      | Noticed Crazy Yiuf
  2457 | D:2      | Killed Crazy Yiuf
  2458 | D:2      | Reached skill level 1 in Armour
  2458 | D:2      | Reached XP level 4. HP: 4/25 MP: 2/13
  2774 | D:3      | Noticed Natasha
  3049 | D:3      | Slain by an orc

Illustrated notes

Levels and vault maps discovered:
D:1:      dpeg_arrival_shrine, layout_basic, serial_rivers,
          chequers_serial_rivers_room_b, chequers_serial_rivers_small_b,
          chequers_serial_rivers_micro_c, chequers_serial_rivers_micro_e
D:2:      layout_loops_corners, hellmonk_ecumenical_altar_watching_god,
          basic_altar, uniq_crazy_yiuf_cottage
D:3:      layout_basic, marbit_many_paths, uniq_natasha

Skill      XL: |  1  2  3 |
---------------+----------+-----
Spellcasting   | 5 |  5.5
Fighting       | 1 |  1.0
Armour         | 1 |  1.1
Conjurations   | 2 |  2.1
Dodging        | |  2.6
Stealth        | |  2.4
Summonings     | |  1.1
Translocations | |  1.1

Action                   |  1- 3 |  4- 6 || total
-------------------------+-------+-------++-------
Melee: Staff             |     9 |    13 ||    22
 Cast: Magic Dart        |    82 |    17 ||    99
       Mephitic Cloud    |     2 |     3 ||     5
       Call Imp          |     1 |     2 ||     3
       Conjure Flame     |     1 |       ||     1
 Stab: Confused          |     1 |     2 ||     3
Armor: Leather armour    |     6 |     4 ||    10
       Robe              |     1 |       ||     1
Dodge: Dodged            |     7 |    14 ||    21

Table legend: (Time is in decaauts)
 A = Elapsed time spent in this place.
 B = Non-inter-level travel time spent in this place.
 C = Inter-level travel time spent in this place.
 D = Time resting spent in this place.
 E = Time spent auto-exploring this place.
 F = Levels seen in this place.
 G = Mean time per level.
                   A        B        C        D        E       F      G
               +--------+--------+--------+--------+--------+-----+--------+
         Total |   3059 |   3002 |     57 |    204 |   2461 |   3 | 1019.7 |
       Dungeon |   3059 |   3002 |     57 |    204 |   2461 |   3 | 1019.7 |
               +--------+--------+--------+--------+--------+-----+--------+

Top non-repeatable levels by time:
     D:2: 1686 daAuts
     D:1: 1258 daAuts
     D:3: 114 daAuts
